 Dungeon Crawl Stone Soup version 0.27-a0-679-g77a6b55cf3 (webtiles) character file.

Game seed: 12493577844292260298

4505 sizableburger the Jinx (level 10, -5/56 HPs)
             Began as a Deep Elf Conjurer on Mar 19, 2021.
             Was a Believer of Dithmenos.
             Killed by divine providence
             ... invoked by an orc priest
              (9 damage)
             ... on level 8 of the Dungeon.
             The game lasted 00:30:36 (10712 turns).

sizableburger the Jinx (Deep Elf Conjurer)         Turns: 10712, Time: 00:30:37

Health: -5/56      AC: 10    Str:  4    XL:     10   Next: 16%
Magic:  28/28      EV: 28    Int: 27    God:    Dithmenos [**....]
Gold:   315        SH:  0    Dex: 13    Spells: 5/19 levels left

rFire    + + .     SeeInvis .   o - +1 rapier "Apnenn" {elec, rF+ MP+9}
rCold    . . .     Faith    .   (no shield)
rNeg     . . .     Spirit   .   y - +3 leather armour {rF+}
rPois    +         Reflect  .   (no helmet)
rElec    .         Harm     .   (no cloak)
rCorr    .         Rampage  .   (no gloves)
Will     +....                  (no boots)
Stlth    ++++......             x - amulet of the acrobat
HPRegen  0.18/turn              r - +4 ring of protection
MPRegen  0.21/turn              b - ring of poison resistance

@: acrobatic, wreathed by umbra, studying Staves
A: no striking features
a: Renounce Religion, Shadow Step


You were on level 8 of the Dungeon.
You worshipped Dithmenos.
Dithmenos was pleased with you.
You visited 1 branch of the dungeon, and saw 8 of its levels.

You collected 315 gold pieces.

Inventory:

Hand Weapons
 o - the +1 rapier "Apnenn" (weapon) {elec, rF+ MP+9}
   (You found it on level 6 of the Dungeon)

   Occasionally, upon striking a foe, it can discharge electrical energy and
   cause terrible harm.
   It protects you from fire.
   It affects your magic capacity (+9).
Missiles
 e - 2 throwing nets
Armour
 f - a +0 buckler
 y - a +3 leather armour of fire resistance (worn)
Jewellery
 b - a ring of poison resistance (left hand)
 c - a ring of flight
 d - a ring of positive energy
 m - the ring of Brilliance {rElec rCorr Int+2 Stlth-}
   (You found it on level 8 of the Dungeon)

   [ring of resist corrosion]

   It affects your intelligence (+2).
   It insulates you from electricity.
   It provides partial protection from all sources of acid and corrosion.
   It makes you less stealthy.
 r - a +4 ring of protection (right hand)
 x - an amulet of the acrobat (around neck)
Wands
 g - a wand of random effects (17)
 s - a wand of paralysis (7)
 t - a wand of digging (6)
Scrolls
 a - a scroll of brand weapon
 h - a scroll of fog
 l - a scroll of enchant armour
 n - a scroll of noise {unknown}
 p - a scroll of teleportation
Potions
 i - a potion of flight
 j - a potion of cancellation
 k - a potion of haste {unknown}
 u - a potion of brilliance
 v - 2 potions of curing
 w - a potion of attraction {unknown}
 B - a potion of lignification {unknown}


   Skills:
 - Level 3.7 Fighting
 + Level 6.9 Short Blades
 - Level 6.4 Dodging
 - Level 6.9 Stealth
 + Level 0.0 Shields
 - Level 5.0 Spellcasting
 - Level 7.0 Conjurations
 + Level 9.5 Hexes
 + Level 3.5 Translocations
 + Level 0.0 Evocations


You had 5 spell levels left.
You knew the following spells:

 Your Spells              Type           Power      Damage    Failure   Level
a - Magic Dart            Conj           100%       1d8       1%          1
b - Searing Ray           Conj           88%        3d6       1%          2
c - Dazzling Flash        Conj/Hex       100%       N/A       1%          3
d - Fulminant Prism       Conj/Hex       25%        3d14      4%          4
e - Iskenderun's Mystic   Conj/Tloc      35%        2d8       14%         4

Your spell library contained the following spells:

 Spells                   Type           Power      Damage    Failure   Level
 Animate Skeleton         Necr           12%        N/A       13%         1
 Pain                     Necr           24%        1d5       13%         1
 Vampiric Draining        Necr           3%         2d6       36%         3
 Animate Dead             Necr           3%         N/A       77%         4
 Agony                    Necr           6%         N/A       98%         5


Dungeon Overview and Level Annotations

Branches:
Dungeon (8/15)             Temple (0/1) D:5            Lair (0/6) D:8

Altars:
Ashenzari
Dithmenos
Elyvilon


Message History

Aiming: Searing Ray (safe; 1% risk of failure)
Press: ? - help, Shift-Dir - straight line, f - orc
Aim: an orc, wielding a +0 morningstar (umbra, 18% to evade)
Okay, then.
The orc misses you.
You hit the orc wizard but do no damage.
Lightning courses through the orc wizard!!
You kill the orc wizard!
Dithmenos accepts your kill. The orc closely misses you.
You hit the orc.
The orc is lightly wounded.
The orc hits you with a +0 morningstar.
An orc priest comes into view. It is wielding a +0 flail.
The fire dragon breathes flames at you.
The blast of flame hits the orc!!!
The orc dies!
The blast of flame hits you. You resist. The orc misses you.
The orc priest calls down the wrath of Beogh upon you.
Beogh smites you! The orc hits you with a +0 trident!
The orc priest mumbles some strange prayers to Beogh against you.
Beogh smites you!
* * * LOW HITPOINT WARNING * * *
Unknown command.
Okay, then.
As you read the scroll of fog, it crumbles to dust.
The scroll dissolves into smoke.
Okay, then.
It was a potion of curing.
You feel better.
The orc priest invokes the aid of Beogh against you.
Pain shoots through your body!
* * * LOW HITPOINT WARNING * * *
The orc hits you with a +0 flail.
* * * LOW HITPOINT WARNING * * *
The orc hits you with a +0 trident.
* * * LOW HITPOINT WARNING * * *
Okay, then.
The orc priest mumbles some strange prayers to Beogh against you.
Beogh smites you!
You die...

........#.##.# #.##.#.#..........
....#####.##.###.##.#'##########.
..............##............####.
...............................'.
....######....##..............##÷
##### #.......##.##'#.........##.
#....)..##§##.#..#########.
#.......##§##.#.)# #.
#.......##@o§.#..# ##
######......§o§§§§....#
#....'.))..#§o######..#
#(####......§§........##########
#.......)..................
#.)..........#.....########
#....)..≈≈.≈......._.......#
#......≈≈≈≈≈≈.D.............
#......≈≈..≈≈...#...........


You could see an orc priest and 2 orcs.

Vanquished Creatures
  Harold (D:8)
  Joseph (D:7)
  Psyche (D:8)
  Prince Ribbit (D:6)
  A water moccasin (D:5)
  3 orc warriors
  A black bear (D:8)
  2 necrophages (D:7)
  2 sky beasts (D:5)
  4 ogres
  A centaur (D:7)
  3 phantoms
  A kobold brigand (D:8)
  4 bullfrogs
  A scorpion (D:6)
  A howler monkey (D:5)
  3 bullfrog zombies
  A quasit (D:5)
  A centaur zombie (D:8)
  7 orc priests
  A hound (D:8)
  A bullfrog skeleton (D:4)
  A centaur skeleton (D:5)
  7 orc wizards
  6 worker ants
  A hound skeleton (D:6)
  Robin (D:3)
  4 gnolls (D:6)
  8 adders
  4 white imps
  An ufetubus (D:7)
  2 adder zombies
  A worm (D:4)
  A leopard gecko (D:5)
  27 orcs
  5 giant cockroaches
  20 goblins
  9 hobgoblins
  6 jackals (D:6)
  3 quokkas
  2 ball pythons
  9 bats
  6 frilled lizards
  11 kobolds
  A leopard gecko zombie (D:6)
  A quokka skeleton (D:5)
  7 rats
186 creatures vanquished.

Vanquished Creatures (others)
  An orc (D:8)
  16 fulminant prisms
17 creatures vanquished.

Grand Total: 203 creatures vanquished

Notes
Turn   | Place    | Note
-------+----------+-------------------------------------------
     0 | D:1      | sizableburger the Deep Elf Conjurer began the quest for the
                  | Orb.
     0 | D:1      | Reached XP level 1. HP: 10/10 MP: 6/6
   188 | D:1      | Reached XP level 2. HP: 16/16 MP: 0/8
   263 | D:1      | Learned a level 2 spell: Searing Ray
  1034 | D:2      | Reached skill level 1 in Fighting
  1034 | D:2      | Reached XP level 3. HP: 20/20 MP: 5/9
  1102 | D:2      | Found a white marble altar of Elyvilon.
  1362 | D:2      | Learned a level 3 spell: Dazzling Flash
  1514 | D:2      | Reached skill level 1 in Short Blades
  2371 | D:2      | Reached XP level 4. HP: 25/25 MP: 8/11
  2574 | D:3      | Noticed Robin
  2711 | D:3      | Reached skill level 1 in Hexes
  2777 | D:3      | Reached skill level 5 in Conjurations
  2945 | D:3      | Killed Robin
  2946 | D:3      | Reached XP level 5. HP: 30/30 MP: 6/12
  3022 | D:3      | Reached skill level 2 in Hexes
  3167 | D:3      | Learned a level 4 spell: Fulminant Prism
  3990 | D:4      | Reached XP level 6. HP: 25/35 MP: 2/13
  4087 | D:4      | Reached skill level 3 in Hexes
  4456 | D:4      | Found a shadowy altar of Dithmenos.
  4491 | D:4      | Became a worshipper of Dithmenos the Shadowed
  4898 | D:5      | Entered Level 5 of the Dungeon
  4992 | D:5      | Reached skill level 4 in Hexes
  4992 | D:5      | Reached XP level 7. HP: 40/40 MP: 8/14
  5341 | D:5      | Reached skill level 5 in Dodging
  5375 | D:5      | Found a staircase to the Ecumenical Temple.
  6163 | D:5      | Reached skill level 5 in Hexes
  6425 | D:5      | Reached XP level 8. HP: 27/46 MP: 2/16
  6963 | D:6      | Reached skill level 5 in Spellcasting
  7094 | D:6      | Identified the +1 rapier "Apnenn" {elec, rF+ MP+9}
  7436 | D:6      | Reached * piety under Dithmenos
  7459 | D:6      | Reached skill level 6 in Hexes
  7931 | D:6      | Noticed Prince Ribbit
  7944 | D:6      | Killed Prince Ribbit
  7945 | D:6      | Reached skill level 5 in Short Blades
  8635 | D:7      | Identified the +0 leather armour of the Planets {rPois
                  | Int+2}
  8845 | D:7      | Reached skill level 7 in Hexes
  8845 | D:7      | Reached XP level 9. HP: 50/52 MP: 18/18
  9380 | D:8      | Reached ** piety under Dithmenos
  9384 | D:8      | Reached skill level 5 in Stealth
  9477 | D:8      | Learned a level 4 spell: Iskenderun's Mystic Blast
  9631 | D:8      | Identified the ring of Brilliance {rElec rCorr Int+2
                  | Stlth-}
  9642 | D:8      | Noticed a fire dragon
  9653 | D:8      | Noticed Harold
  9675 | D:8      | Reached skill level 1 in Translocations
  9684 | D:8      | Killed Harold
  9685 | D:8      | Reached skill level 9 in Hexes
  9828 | D:8      | Noticed Joseph
  9861 | D:7      | Killed Joseph
  9862 | D:7      | Reached XP level 10. HP: 27/56 MP: 2/19
 10146 | D:8      | Found a broken altar of Ashenzari.
 10157 | D:8      | Noticed Psyche
 10293 | D:8      | Killed Psyche
 10468 | D:8      | Found a staircase to the Lair.
 10712 | D:8      | Killed from afar by an orc priest

Illustrated notes

Levels and vault maps discovered:
D:1:      ncdulo_halloftheorcs, layout_basic
D:2:      layout_loops_corners, serial_rivers, chequers_serial_rivers_micro_b,
          chequers_serial_rivers_large_a, chequers_serial_rivers_room_b,
          chequers_serial_rivers_micro_e, chequers_serial_rivers_micro_c,
          chequers_serial_rivers_room_a, elyvilon_altar_1
D:3:      layout_basic, uniq_robin
D:4:      layout_gridville, serial_rivers, chequers_serial_rivers_room_a,
          chequers_serial_rivers_room_b, chequers_serial_rivers_room_b,
          chequers_serial_rivers_micro_c, grunt_dithmenos_smoke
D:5:      layout_loops_corners, minmay_temple_entry_trees
D:6:      layout_gridville, uniq_prince_ribbit1
D:7:      layout_basic, minmay_misc_feat_roman
D:8:      layout_basic, nemelex_xobeh_ov_fountains_minmay,
          minmay_lair_entry_lava, basic_altar, chequers_serial_rivers_large_b,
          uniq_joseph, uniq_psyche, uniq_harold

Skill      XL: |  1  2  3  4  5  6  7  8  9 |
---------------+----------------------------+-----
Fighting       | 1 2 3 |  3.7
Dodging        | 3 4 5 6 |  6.4
Short Blades   | 1 2 3 5 6 |  6.9
Hexes          | 1 2 4 5 7 9 |  9.5
Conjurations   | 5 6 7 |  7.0
Spellcasting   | 4 5 |  5.0
Stealth        | 4 6 |  6.9
Translocations | 3 |  3.5

Action                   |  1- 3 |  4- 6 |  7- 9 | 10-12 || total
-------------------------+-------+-------+-------+-------++-------
Melee: Dagger            |     3 |       |    45 |       ||    48
       Rapier            |       |       |    52 |    23 ||    75
 Cast: Magic Dart        |    38 |    10 |       |       ||    48
       Searing Ray       |    24 |    35 |    48 |     1 ||   108
       Dazzling Flash    |       |       |    24 |     4 ||    28
       Fulminant Prism   |       |       |    13 |     3 ||    16
       Iskenderun's Myst |       |       |       |     1 ||     1
  Use: Scroll            |       |       |    14 |     2 ||    16
       Potion            |       |       |     5 |     1 ||     6
 Stab: Invisible         |       |       |     5 |       ||     5
       Sleeping          |       |       |       |     1 ||     1
Armor: Robe              |     3 |     3 |    25 |       ||    31
       Leather armour    |       |       |    20 |     8 ||    28
Dodge: Dodged            |     9 |    11 |   166 |    14 ||   200

Table legend: (Time is in decaauts)
 A = Elapsed time spent in this place.
 B = Non-inter-level travel time spent in this place.
 C = Inter-level travel time spent in this place.
 D = Time resting spent in this place.
 E = Time spent auto-exploring this place.
 F = Levels seen in this place.
 G = Mean time per level.
                   A        B        C        D        E       F      G
               +--------+--------+--------+--------+--------+-----+--------+
         Total |  10711 |  10260 |    451 |   4144 |   4786 |   8 | 1338.9 |
       Dungeon |  10711 |  10260 |    451 |   4144 |   4786 |   8 | 1338.9 |
               +--------+--------+--------+--------+--------+-----+--------+

Top non-repeatable levels by time:
     D:5: 1950 daAuts
     D:6: 1905 daAuts
     D:2: 1795 daAuts
     D:3: 1192 daAuts
     D:8: 1022 daAuts
     D:1: 999 daAuts
     D:4: 925 daAuts
     D:7: 919 daAuts
